L3
JUNAGADH LEGION @ MUNICH FISHER CATS
07/01/2111
 
TOP OF THE 1ST
Junagadh Legion batting - Pitching for Munich Fisher Cats : RHP Liamine El Hadrioui
Pitching: RHP Liamine El Hadrioui
Batting: RHB Jian-gun Chen 0-0: Called Strike
0-1: Called Strike
0-2: Ball
1-2: Ball
2-2: Ball
3-2: Reached via error on a dropped throw from 1B, E1 (Groundball, 34S, EV 83.1 MPH)
Batting: RHB Pi Fatialofa 0-0: Called Strike
0-1: Sac Bunt to P - play at second, runner safe!
Batting: RHB Yvan Leblanc 0-0: Ball
1-0: Ball
2-0: Called Strike
2-1: TRIPLE (Line Drive, 78XD, EV 106.9 MPH)
Jian-gun Chen scores
Pi Fatialofa scores
Batting: RHB Alfie Simons 0-0: Ball
Wild Pitch!
Yvan Leblanc scores
1-0: Ball
2-0: Called Strike
2-1: Fly out, F3 (Line Drive, 34, EV 71.9 MPH)
Batting: RHB Konstantine Podmasko 0-0: Foul Ball, location: 5F
0-1: Foul Ball, location: 2F
0-2: Ball
1-2: Ball
2-2: Ball
3-2: Strikes out swinging
Batting: RHB Harta Alatas 0-0: SINGLE (Line Drive, 56D, EV 94.4 MPH)
Batting: RHB Isaya Drampian 0-0: Ball
1-0: SINGLE (Groundball, 34D, EV 98.8 MPH)
Harta Alatas to second
Batting: RHB Christophe Burel 0-0: Ball
1-0: Ball
Wild Pitch!
Harta Alatas to third
Isaya Drampian to second
2-0: Fly out, F4 (Popup, 4MD, EV 73.1 MPH)
Top of the 1st over - 3 runs, 3 hits, 1 error, 2 left on base; Junagadh 3 - Munich 0
BOTTOM OF THE 1ST
Munich Fisher Cats batting - Pitching for Junagadh Legion : LHP Gathot Nikolo
Pitching: LHP Gathot Nikolo
Batting: RHB Arto Saarinen 0-0: Fly out, F7 (Flyball, 7D, EV 88.8 MPH)
Batting: RHB Danny Cantu 0-0: Called Strike
0-1: Ground out 4-3 (Groundball, 34, EV 98.8 MPH)
Batting: SHB Kifle Ngare 0-0: Called Strike
0-1: Foul Ball, location: 2F
0-2: Ball
1-2: SINGLE (Line Drive, 4M, EV 111.9 MPH)
Batting: SHB Kuei-lin Huang 0-0: Ball
1-0: Ball
2-0: Ball
3-0: Called Strike
3-1: Called Strike
3-2: Base on Balls
Kifle Ngare to second
Batting: RHB Petter Hansen 0-0: Ball
1-0: Called Strike
1-1: Ball
2-1: Foul Ball, location: 3F
2-2: Strikes out swinging
Bottom of the 1st over - 0 runs, 1 hit, 0 errors, 2 left on base; Junagadh 3 - Munich 0
TOP OF THE 2ND
Junagadh Legion batting - Pitching for Munich Fisher Cats : RHP Liamine El Hadrioui
Batting: SHB Alexandru Lupan 0-0: Fly out, F9 (Flyball, 9, EV 95.6 MPH)
Batting: RHB Jian-gun Chen 0-0: Ball
1-0: Swinging Strike
1-1: Called Strike
1-2: Ball
2-2: Ball
3-2: Foul Ball, location: 5DF
3-2: Fly out, F8 (Flyball, 8LXD, EV 110.6 MPH)
Batting: RHB Pi Fatialofa 0-0: SINGLE (Flyball, 89M, EV 96.9 MPH)
Batting: RHB Yvan Leblanc 0-0: Called Strike
0-1: Called Strike
0-2: Ball
Pi Fatialofa is caught stealing 2nd base 2-4
Top of the 2nd over - 0 runs, 1 hit, 0 errors, 0 left on base; Junagadh 3 - Munich 0
BOTTOM OF THE 2ND
Munich Fisher Cats batting - Pitching for Junagadh Legion : LHP Gathot Nikolo
Batting: LHB Smail Kazemd 0-0: Called Strike
0-1: Ball
1-1: Ball
2-1: Ground out U3 (Groundball, 3, EV 88.8 MPH)
Batting: LHB Lahab bin Rabi 0-0: Hit by Pitch
Batting: RHB Zenawi Lugor 0-0: Ball
1-0: Foul Ball, location: 25F
1-1: Foul Ball, location: 3FF
1-2: Strikes out swinging
Batting: RHB Didier Bertrand 0-0: Foul Ball, location: 25FF
0-1: Ball
1-1: Foul Ball, location: 2F
Balk!
Lahab bin Rabi to second
1-2: Ball
2-2: Strikes out swinging
Bottom of the 2nd over - 0 runs, 0 hits, 0 errors, 1 left on base; Junagadh 3 - Munich 0
TOP OF THE 3RD
Junagadh Legion batting - Pitching for Munich Fisher Cats : RHP Liamine El Hadrioui
Batting: RHB Yvan Leblanc 0-0: Ball
1-0: Called Strike
1-1: Ball
2-1: Foul Ball, location: 3F
2-2: Strikes out swinging
Batting: RHB Alfie Simons 0-0: Called Strike
0-1: Foul Ball, location: 2F
0-2: SINGLE (Flyball, 4MD, EV 87.5 MPH)
Batting: RHB Konstantine Podmasko 0-0: SINGLE (Line Drive, 89M, EV 91.9 MPH)
Alfie Simons to second
Batting: RHB Harta Alatas 0-0: Ball
1-0: Called Strike
1-1: Called Strike
1-2: Strikes out swinging
Batting: RHB Isaya Drampian 0-0: Ball
1-0: DOUBLE (Line Drive, 3D, EV 101.9 MPH)
Alfie Simons scores
Konstantine Podmasko to third
Batting: RHB Christophe Burel 0-0: Ball
1-0: Ball
2-0: Swinging Strike
2-1: 3-RUN HOME RUN (Flyball, 8LXD, EV 105.0 MPH), Distance : 431 ft
Pitching: RHP Cruz Paz
Batting: SHB Alexandru Lupan 0-0: Ball
1-0: Ground out U3 (Groundball, 34, EV 101.3 MPH)
Top of the 3rd over - 4 runs, 4 hits, 0 errors, 0 left on base; Junagadh 7 - Munich 0
BOTTOM OF THE 3RD
Munich Fisher Cats batting - Pitching for Junagadh Legion : LHP Gathot Nikolo
Batting: RHB Arto Saarinen 0-0: Ground out 3-1 (Groundball, 34, EV 85.0 MPH)
Batting: RHB Danny Cantu 0-0: Ball
1-0: Called Strike
1-1: Ground out 6-3 (Groundball, 6, EV 108.1 MPH)
Batting: SHB Kifle Ngare 0-0: Ball
1-0: Ball
2-0: Called Strike
2-1: SINGLE (Groundball, 3D, EV 99.4 MPH)
Batting: SHB Kuei-lin Huang 0-0: Ball
1-0: Ball
Wild Pitch!
Kifle Ngare to second
2-0: Called Strike
2-1: Fly out, F3 (Line Drive, 3L, EV 65.6 MPH)
Bottom of the 3rd over - 0 runs, 1 hit, 0 errors, 1 left on base; Junagadh 7 - Munich 0
TOP OF THE 4TH
Junagadh Legion batting - Pitching for Munich Fisher Cats : RHP Cruz Paz
Batting: RHB Jian-gun Chen 0-0: Ball
1-0: Ball
2-0: Fly out, F7 (Flyball, 7, EV 95.0 MPH)
Batting: RHB Pi Fatialofa 0-0: DOUBLE (Line Drive, 78D, EV 95.6 MPH)
Batting: RHB Yvan Leblanc 0-0: Ball
1-0: Called Strike
1-1: Ball
2-1: Called Strike
2-2: Ball
3-2: Foul Ball, location: 5F
3-2: Base on Balls
Batting: RHB Alfie Simons 0-0: Ball
1-0: Ball
2-0: Ball
3-0: Called Strike
3-1: Called Strike
3-2: Fly out, F9 (Flyball, 9LD, EV 110.6 MPH)
Batting: RHB Konstantine Podmasko 0-0: Called Strike
0-1: Ball
1-1: Called Strike
1-2: Strikes out swinging
Top of the 4th over - 0 runs, 1 hit, 0 errors, 2 left on base; Junagadh 7 - Munich 0
BOTTOM OF THE 4TH
Munich Fisher Cats batting - Pitching for Junagadh Legion : LHP Gathot Nikolo
Batting: RHB Petter Hansen 0-0: Swinging Strike
0-1: Ball
1-1: Ground out 4-3 (Groundball, 4M, EV 88.1 MPH)
Batting: LHB Smail Kazemd 0-0: Ground out 5-3 (Groundball, 5, EV 103.8 MPH)
Batting: LHB Lahab bin Rabi 0-0: Called Strike
0-1: Swinging Strike
0-2: Ball
1-2: Strikes out looking
Bottom of the 4th over - 0 runs, 0 hits, 0 errors, 0 left on base; Junagadh 7 - Munich 0
TOP OF THE 5TH
Junagadh Legion batting - Pitching for Munich Fisher Cats : RHP Cruz Paz
Batting: RHB Harta Alatas 0-0: Ball
1-0: Ball
2-0: Called Strike
2-1: Ball
3-1: Called Strike
3-2: Base on Balls
Batting: RHB Isaya Drampian 0-0: Foul Ball, location: 5DF
0-1: Ball
1-1: Ball
2-1: Foul Ball, location: 2F
2-2: Fly out, F5 (Popup, 56, EV 78.8 MPH)
Batting: RHB Christophe Burel 0-0: Ball
1-0: Ball
Passed Ball!
Harta Alatas to second
2-0: Fly out, F9 (Flyball, 9S, EV 78.1 MPH)
Batting: SHB Alexandru Lupan 0-0: Called Strike
0-1: Ball
1-1: Swinging Strike
1-2: Ground out 4-3 (Groundball, 34, EV 83.8 MPH)
Top of the 5th over - 0 runs, 0 hits, 0 errors, 1 left on base; Junagadh 7 - Munich 0
BOTTOM OF THE 5TH
Munich Fisher Cats batting - Pitching for Junagadh Legion : LHP Gathot Nikolo
Batting: RHB Zenawi Lugor 0-0: SINGLE (Line Drive, 34, EV 110.6 MPH)
Batting: RHB Didier Bertrand 0-0: Fly out, F6 (Line Drive, 56D, EV 70.0 MPH)
Batting: RHB Arto Saarinen 0-0: Ball
1-0: Fly out, F7 (Flyball, 78S, EV 98.8 MPH)
Batting: RHB Danny Cantu 0-0: Swinging Strike
0-1: Foul Ball, location: 2F
0-2: Ball
1-2: Foul Ball, location: 5SF
1-2: Fly out, F7 (Line Drive, 7S, EV 100.0 MPH)
Bottom of the 5th over - 0 runs, 1 hit, 0 errors, 1 left on base; Junagadh 7 - Munich 0
TOP OF THE 6TH
Junagadh Legion batting - Pitching for Munich Fisher Cats : RHP Cruz Paz
Batting: RHB Jian-gun Chen 0-0: Swinging Strike
0-1: Foul Ball, location: 9LSF
0-2: Foul Ball, location: 2F
0-2: Foul Ball, location: 2F
0-2: Ball
1-2: Hit by Pitch
Batting: RHB Pi Fatialofa 0-0: Called Strike
0-1: Called Strike
0-2: Strikes out swinging
Pitching: LHP Ivano Tsibin
Batting: RHB Yvan Leblanc 0-0: Ball
Wild Pitch!
Jian-gun Chen to second
1-0: Ball
2-0: Called Strike
2-1: Foul Ball, location: 2F
2-2: Ball
3-2: SINGLE (Line Drive, 34D, EV 100.0 MPH)
Jian-gun Chen to third
Batting: RHB Alfie Simons 0-0: Called Strike
0-1: Grounds into double play, 4-6-3 (Groundball, 34D, EV 101.9 MPH)
Top of the 6th over - 0 runs, 1 hit, 0 errors, 1 left on base; Junagadh 7 - Munich 0
BOTTOM OF THE 6TH
Munich Fisher Cats batting - Pitching for Junagadh Legion : LHP Gathot Nikolo
Batting: SHB Kifle Ngare 0-0: Called Strike
0-1: Ball
1-1: Foul Ball, location: 2F
1-2: SOLO HOME RUN (Flyball, 78XD, EV 99.4 MPH), Distance : 419 ft
Batting: SHB Kuei-lin Huang 0-0: Ball
1-0: Called Strike
1-1: Ground out 6-3 (Groundball, 6, EV 85.6 MPH)
Batting: RHB Petter Hansen 0-0: Ball
1-0: Called Strike
1-1: TRIPLE (Flyball, 9LM, EV 96.3 MPH)
Batting: LHB Smail Kazemd 0-0: Ground out U3 (Groundball, 34, EV 86.3 MPH)
Petter Hansen scores
Batting: LHB Lahab bin Rabi 0-0: Foul Ball, location: 2F
0-1: Ball
1-1: DOUBLE (Line Drive, 78D, EV 105.0 MPH)
Batting: RHB Zenawi Lugor 0-0: Foul Ball, location: 5FF
0-1: Foul Ball, location: 25F
0-2: Ground out 5-3 (Groundball, 56, EV 92.5 MPH)
Bottom of the 6th over - 2 runs, 3 hits, 0 errors, 1 left on base; Junagadh 7 - Munich 2
TOP OF THE 7TH
Junagadh Legion batting - Pitching for Munich Fisher Cats : LHP Ivano Tsibin
Batting: RHB Konstantine Podmasko 0-0: Ground out 3-1 (Groundball, 34S, EV 90.6 MPH)
Batting: RHB Harta Alatas 0-0: Ball
1-0: Ball
2-0: Ground out 5-3 (Groundball, 56, EV 81.9 MPH)
Batting: RHB Isaya Drampian 0-0: Ball
1-0: Ground out 6-3 (Groundball, 6, EV 100.0 MPH)
Top of the 7th over - 0 runs, 0 hits, 0 errors, 0 left on base; Junagadh 7 - Munich 2
BOTTOM OF THE 7TH
Munich Fisher Cats batting - Pitching for Junagadh Legion : LHP Gathot Nikolo
Batting: RHB Didier Bertrand 0-0: Fly out, F4 (Popup, 34, EV 54.4 MPH)
Batting: RHB Arto Saarinen 0-0: Ball
1-0: Ball
2-0: Swinging Strike
2-1: Ball
3-1: Base on Balls
Batting: RHB Danny Cantu 0-0: Called Strike
0-1: Fly out, F8 (Flyball, 8LM, EV 88.8 MPH)
Batting: SHB Kifle Ngare 0-0: Fielders Choice at 2nd, 6-4 (Groundball, 6, EV 88.1 MPH)
Bottom of the 7th over - 0 runs, 0 hits, 0 errors, 1 left on base; Junagadh 7 - Munich 2
TOP OF THE 8TH
Junagadh Legion batting - Pitching for Munich Fisher Cats : LHP Ivano Tsibin
Batting: RHB Christophe Burel 0-0: Ball
1-0: Called Strike
1-1: Swinging Strike
1-2: Ball
2-2: Ball
3-2: Foul Ball, location: 2F
3-2: Ground out 4-3 (Groundball, 4, EV 97.5 MPH)
Batting: SHB Alexandru Lupan 0-0: Called Strike
0-1: Foul Ball, location: 2F
0-2: Fly out, F4 (Popup, 34, EV 56.3 MPH)
Batting: RHB Jian-gun Chen 0-0: Called Strike
0-1: Foul Ball, location: 2F
0-2: Ball
1-2: Strikes out looking
Top of the 8th over - 0 runs, 0 hits, 0 errors, 0 left on base; Junagadh 7 - Munich 2
BOTTOM OF THE 8TH
Munich Fisher Cats batting - Pitching for Junagadh Legion : LHP Gathot Nikolo
Batting: SHB Kuei-lin Huang 0-0: Ball
1-0: SINGLE (Line Drive, 8LS, EV 110.6 MPH)
Pitching: RHP Hudhayfah Badr al Din
Batting: RHB Petter Hansen 0-0: Called Strike
0-1: Foul Ball, location: 2F
0-2: Ball
1-2: Foul Ball, location: 9LMF
1-2: Strikes out swinging
Batting: LHB Smail Kazemd 0-0: Foul Ball, location: 7LMF
0-1: Foul Ball, location: 25FF
0-2: Ball
1-2: SINGLE (Groundball, 6MD, EV 106.3 MPH)
Kuei-lin Huang to second
Batting: LHB Lahab bin Rabi 0-0: Ball
1-0: Called Strike
1-1: DOUBLE (Line Drive, 78D, EV 96.3 MPH)
Kuei-lin Huang scores
Smail Kazemd to third
Batting: RHB Zenawi Lugor 0-0: Ball
1-0: Foul Ball, location: 9LSF
1-1: Foul Ball, location: 9LMF
1-2: Foul Ball, location: 5F
1-2: Ball
2-2: Fly out, F8 (Flyball, 8LM, EV 90.0 MPH)
Batting: RHB Didier Bertrand 0-0: Fly out, F9 (Flyball, 9D, EV 75.0 MPH)
Bottom of the 8th over - 1 run, 3 hits, 0 errors, 2 left on base; Junagadh 7 - Munich 3
TOP OF THE 9TH
Junagadh Legion batting - Pitching for Munich Fisher Cats : LHP Ivano Tsibin
Batting: RHB Pi Fatialofa 0-0: Called Strike
0-1: Ball
1-1: Called Strike
1-2: Ground out 6-3 (Groundball, 6S, EV 73.8 MPH)
Batting: RHB Yvan Leblanc 0-0: Ball
1-0: Ball
2-0: Ball
3-0: Base on Balls
Batting: RHB Alfie Simons 0-0: Ball
1-0: Swinging Strike
1-1: Called Strike
1-2: Fly out, F8 (Flyball, 78M, EV 86.9 MPH)
Batting: RHB Konstantine Podmasko 0-0: Ball
Passed Ball!
Yvan Leblanc to second
1-0: Ball
2-0: Ball
3-0: Base on Balls
Batting: RHB Harta Alatas 0-0: Ball
1-0: Called Strike
1-1: Fly out, F7 (Flyball, 7, EV 98.1 MPH)
Top of the 9th over - 0 runs, 0 hits, 0 errors, 2 left on base; Junagadh 7 - Munich 3
BOTTOM OF THE 9TH
Munich Fisher Cats batting - Pitching for Junagadh Legion : RHP Hudhayfah Badr al Din
Batting: RHB Arto Saarinen 0-0: Ball
1-0: Called Strike
1-1: Fly out, F5 (Popup, 56S, EV 77.5 MPH)
Batting: RHB Danny Cantu 0-0: Foul Ball, location: 9LSFF
0-1: Swinging Strike
0-2: Strikes out looking
Batting: SHB Kifle Ngare 0-0: Reached on error, E6 (Groundball, 6M, EV 104.4 MPH)
Batting: SHB Kuei-lin Huang 0-0: Called Strike
0-1: Ball
1-1: Ball
2-1: Ball
3-1: Base on Balls
Kifle Ngare to second
Pitching: RHP Daniel Iordache
Batting: RHB Petter Hansen 0-0: Ball
1-0: Ball
2-0: DOUBLE (Line Drive, 89XD, EV 102.5 MPH)
Kifle Ngare scores
Kuei-lin Huang to third
Batting: LHB Smail Kazemd 0-0: Called Strike
0-1: Ball
1-1: Called Strike
1-2: Ball
2-2: Strikes out swinging
Bottom of the 9th over - 1 run, 1 hit, 1 error, 2 left on base; Junagadh 7 - Munich 4
Wednesday, August 28th , 2024 - OOTP Baseball 25.8 Build 87